Tamiflu vs National

Created - 19 novembre 2014 at 22:44

Goals
1 2 3 OT1 SO T
Tamiflu 1 2 1 0 1 5
National 1 2 1 0 0 4
Shots
1 2 3 OT1 SO T
Tamiflu 18 7 10 2 3 37
National 8 13 8 3 3 32

1st period

1. National , Jonathan Cheechoo 16 (Pat Dwyer) at 8:48
2. Tamiflu , Carson Mcmillan 9 (Nate Thompson, Alex Picard) at 10:07

Penalties :
Petr Pohl (Det) for High sticking (Minor) at 5:11, Rich Clune (Det) for High sticking (Minor) at 10:18

2nd period

3. Tamiflu , Rich Clune 2 (Petr Pohl, Greg Mauldin) at 1:08
4. National , Mikael Backlund 11 (Rico Fata) at 1:17
5. Tamiflu , Nate Thompson 15 (Nathan Oystrick, Alex Picard) at 3:36
6. National , Jonathan Cheechoo 17 (Jonathan Matsumoto, Pasi Salonen) at 19:23 (PP)

Penalties :
Nathan Oystrick (Det) for Holding (Minor) at 3:58, Rich Clune (Det) for Holding (Minor) at 18:50

3rd period

7. Tamiflu , Alex Picard 17 (Nate Thompson) at 0:10
8. National , David Desharnais 9 (Dustin Kohn, Pat Dwyer) at 11:49

Penalties :
Kyle Lawson (Det) for Roughing (Minor) at 1:45, Alex Picard (Det) for Close Hand On Puck (Minor) at 12:11

Overtime #1

No Goal

Penalties :
No Penalty

Shootout

Penalty Shot by Nate Thompson for Tamiflu - Stopped by Keith Kinkaid
Penalty Shot by Rico Fata for National - Stopped by Mike McKenna
Penalty Shot by Alex Picard for Tamiflu - Stopped by Keith Kinkaid
Penalty Shot by Pasi Salonen for National - Shot Misses the Net
Penalty Shot by Greg Mauldin for Tamiflu - Goal!
Penalty Shot by Guillaume Desbiens for National - Stopped by Mike McKenna

Penalties :
No Penalty

Goalie Stats

Mike McKenna (Det), 28 saves from 32 shots - (0,875), W, 12-6-1, 65:00 minutes
Keith Kinkaid (Que), 33 saves from 37 shots - (0,892), OTL, 9-7-2, 65:00 minutes

Players Stats for Tamiflu

Player Name              G  A  P  +/- PIM S  H  SB GA TA FO     MP     PP MP  PK MP  
------------------------------------------------------------------------------------
Adam Henrique            0  0  0  -1  0   5  0  0  2  0  5/5    15:39   0:00   3:17 
Alex Picard              1  2  3   2  2   2  2  1  0  3  1/3    24:04   0:00   4:46 
Ben Hanowski             0  0  0   0  0   0  0  0  0  0  0/0     3:43   0:00   1:01 
Carson Mcmillan          1  0  1   2  0   3  0  0  1  1  0/0    15:31   0:00   2:31 
Casey Wellman            0  0  0   0  0   0  0  0  0  0  0/2     8:25   0:00   0:10 
Cody Goloubef            0  0  0   0  0   0  0  1  0  0  0/0     7:43   0:00   0:16 
Greg Mauldin             0  1  1   0  0   2  1  1  1  0  4/8    21:21   0:00   1:48 
Johan Fransson           0  0  0  -1  0   0  1  1  0  0  0/0    21:03   0:00   4:11 
Jonathan Sigalet         0  0  0   3  0   2  5  1  0  2  0/0    26:59   0:00   6:17 
Jordan Hendry            0  0  0  -1  0   2  0  0  0  1  0/0    21:03   0:00   4:11 
Kyle Lawson              0  0  0  -1  2   2  0  0  0  0  0/0    11:15   0:00   1:08 
Mattias Tedenby          0  0  0   0  0   2  0  1  0  1  0/1    11:38   0:00   0:00 
Mike Duco                0  0  0  -1  0   2  2  1  0  0  1/1    13:30   0:00   0:00 
Nate Thompson            1  2  3   1  0   6  0  0  0  1  20/33  25:56   0:00   4:59 
Nathan Oystrick          0  1  1   3  2   4  2  3  1  1  0/0    25:12   0:00   4:53 
Petr Pohl                0  1  1   0  2   2  1  0  0  1  1/1    17:48   0:00   0:00 
Philip Samuelsson        0  0  0  -1  0   1  0  0  0  1  0/0    10:27   0:00   0:00 
Philippe Dupuis          0  0  0   0  0   0  0  0  0  0  0/0     1:48   0:00   0:45 
Rich Clune               1  0  1   0  4   2  3  0  0  0  1/1    19:37   0:00   1:39 
Stefan Elliott           0  0  0   0  0   0  0  0  0  0  0/0     0:00   0:00   0:00 
Teemu Laakso             0  0  0   0  0   0  0  0  0  0  0/0     6:44   0:00   0:00 
Teigan Zahn              0  0  0   0  0   0  0  0  0  0  0/0     0:00   0:00   0:00 

Players Stats for National

Player Name              G  A  P  +/- PIM S  H  SB GA TA FO     MP     PP MP  PK MP  
------------------------------------------------------------------------------------
Chris Mueller            0  0  0   0  0   1  1  0  0  0  0/3    10:06   0:00   0:00 
David Desharnais         1  0  1   1  0   2  1  0  0  0  2/6    11:03   0:00   0:00 
Denis Bodrov             0  0  0   1  0   0  0  0  0  1  0/0    11:24   2:17   0:00 
Dustin Kohn              0  1  1   2  0   2  2  0  1  0  0/0    22:45   4:16   0:00 
Erik Gustafsson          0  0  0   1  0   0  0  3  0  1  0/0    17:18   0:05   0:00 
Guillaume Desbiens       0  0  0  -1  0   4  0  1  2  0  0/1    21:38   5:54   0:00 
Igor Makarov             0  0  0   0  0   0  0  0  1  1  0/0     8:31   0:00   0:00 
Janne Niskala            0  0  0  -3  0   2  0  2  2  1  0/0    29:20   6:12   0:00 
Johannes Salmonsson      0  0  0   1  0   2  2  1  1  0  1/2    12:59   0:00   0:00 
Jonathan Cheechoo        2  0  2  -1  0   5  1  0  1  0  0/1    19:35   4:34   0:00 
Jonathan Matsumoto       0  1  1  -1  0   1  0  0  0  0  7/10   19:35   4:34   0:00 
Magnus Paajarvi-Svensson 0  0  0   0  0   1  0  0  0  0  0/0     8:48   0:00   0:00 
Mikael Backlund          1  0  1  -1  0   5  3  1  0  0  12/30  23:30   5:54   0:00 
Pasi Salonen             0  1  1  -1  0   2  3  1  0  0  0/0    20:25   4:34   0:00 
Pat Dwyer                0  2  2   1  0   1  2  0  0  0  0/0    12:32   0:00   0:00 
Philip Larsen            0  0  0   1  0   1  2  2  2  0  0/0    21:01   1:54   0:00 
Rico Fata                0  1  1  -1  0   2  1  0  2  0  0/2    21:29   5:54   0:00 
Ty Wishart               0  0  0  -4  0   1  5  3  0  1  0/0    28:01   6:12   0:00 

3 Stars

1 - Alex Picard (Det)
2 - Nate Thompson (Det)
3 - Jonathan Cheechoo (Que)

Power Play

Tamiflu - 0 on 0 Attempt(s) - 0,00%
National - 1 on 6 Attempt(s) - 16,67%

Penalty Kill

Tamiflu - 5 on 6 Attempt(s) - 83,33% - Score 0 goal in Penalty Kill
National - 0 on 0 Attempt(s) - 0,00% - Score 0 goal in Penalty Kill

Official

Referees : VanMassenhoven Don and Banfield David
Linesman : Lyle Seitz and Tim Nowak

Game Notes

Denis Bodrov is injured at 13:20 of 2nd period (Back)

Finance

Level 1 -- Attendance: 1383 (69,15%) -- Ticket Income 34 575 $
Level 2 -- Attendance: 787 (78,70%) -- Ticket Income 11 805 $
Total Attendance: 2170 (72,33%)
Total Ticket Income: 46 380 $
Other Income: 2 319 $
Total Income: 48 699 $

Tamiflu

5 vs 5 Forward 
   Center                   Left Wing                Right Wing               Time % Phy DF OF 
 1 Nate Thompson            Alex Picard              Carson Mcmillan          40     1   2  2  
 2 Greg Mauldin             Rich Clune               Petr Pohl                30     1   2  2  
 3 Adam Henrique            Nate Thompson            Mike Duco                20     1   2  2  
 4 Casey Wellman            Alex Picard              Mattias Tedenby          10     1   2  2  

5 vs 5 Defense 
   Defense                  Defense                                           Time % Phy DF OF 
 1 Jonathan Sigalet         Nathan Oystrick                                   40     1   2  2  
 2 Jordan Hendry            Johan Fransson                                    30     1   2  2  
 3 Philip Samuelsson        Kyle Lawson                                       20     1   2  2  
 4 Cody Goloubef            Teemu Laakso                                      10     1   2  2  

PowerPlay Forward 
   Center                   Left Wing                Right Wing               Time % Phy DF OF 
 1 Nate Thompson            Alex Picard              Carson Mcmillan          60     1   2  2  
 2 Greg Mauldin             Rich Clune               Petr Pohl                40     1   2  2  

PowerPlay Defense
   Defense                  Defense                                           Time % Phy DF OF 
 1 Jonathan Sigalet         Nathan Oystrick                                   60     1   2  2  
 2 Jordan Hendry            Johan Fransson                                    40     1   2  2  

Penalty Kill 4 Players Forward 
   Center                   Wing                     Time % Phy DF OF 
 1 Nate Thompson            Alex Picard              60     1   2  2  
 2 Adam Henrique            Carson Mcmillan          40     1   2  2  

Penalty Kill 4 Players Defense
   Defense                  Defense                  Time % Phy DF OF 
 1 Jonathan Sigalet         Nathan Oystrick          60     1   2  2  
 2 Jordan Hendry            Johan Fransson           40     1   2  2  

Penalty Kill - 3 Players Forward 
   Forward                                           Time % Phy DF OF 
 1 Nate Thompson                                     60     1   2  2  
 2 Adam Henrique                                     40     1   2  2  

Penalty Kill - 3 Players Defense
   Defense                  Defense                  Time % Phy DF OF 
 1 Jonathan Sigalet         Nathan Oystrick          60     1   2  2  
 2 Jordan Hendry            Johan Fransson           40     1   2  2  

4 vs 4 Forward 
   Center                   Wing                     Time % Phy DF OF 
 1 Nate Thompson            Alex Picard              60     1   2  2  
 2 Greg Mauldin             Carson Mcmillan          40     1   2  2  

4 vs 4 Defense
   Defense                  Defense                  Time % Phy DF OF 
 1 Jonathan Sigalet         Nathan Oystrick          60     1   2  2  
 2 Jordan Hendry            Johan Fransson           40     1   2  2  

Last Minutes Offensive
   Center                   Left Wing                Right Wing               Defense                  Defense                  
   Nate Thompson            Alex Picard              Carson Mcmillan          Jonathan Sigalet         Nathan Oystrick          

Last Minutes Defensive
   Center                   Left Wing                Right Wing               Defense                  Defense                  
   Nate Thompson            Alex Picard              Carson Mcmillan          Jonathan Sigalet         Nathan Oystrick          

Goaltenders
Starting : Mike McKenna             
Backup : Thomas Greiss            

Extra Forwards
Normal : Mike Duco, Mattias Tedenby, Adam Henrique - PP : Mike Duco, Mattias Tedenby - PK : Adam Henrique
Extra Defensemen
Normal : Philip Samuelsson, Kyle Lawson, Cody Goloubef - PP : Philip Samuelsson - PK : Kyle Lawson, Cody Goloubef
Penalty Shots
Nate Thompson, Alex Picard, Greg Mauldin, Carson Mcmillan, Petr Pohl

National

5 vs 5 Forward 
   Center                   Left Wing                Right Wing               Time % Phy DF OF 
 1 Mikael Backlund          Rico Fata                Guillaume Desbiens       40     0   2  3  
 2 Jonathan Matsumoto       Pasi Salonen             Jonathan Cheechoo        30     0   2  3  
 3 David Desharnais         Johannes Salmonsson      Pat Dwyer                20     1   2  2  
 4 Chris Mueller            Magnus Paajarvi-Svensson Igor Makarov             10     1   2  2  

5 vs 5 Defense 
   Defense                  Defense                                           Time % Phy DF OF 
 1 Janne Niskala            Ty Wishart                                        40     1   2  2  
 2 Dustin Kohn              Denis Bodrov                                      30     1   2  2  
 3 Philip Larsen            Erik Gustafsson                                   20     1   2  2  
 4 Janne Niskala            Ty Wishart                                        10     1   2  2  

PowerPlay Forward 
   Center                   Left Wing                Right Wing               Time % Phy DF OF 
 1 Mikael Backlund          Rico Fata                Guillaume Desbiens       60     0   1  4  
 2 Jonathan Matsumoto       Pasi Salonen             Jonathan Cheechoo        40     0   1  4  

PowerPlay Defense
   Defense                  Defense                                           Time % Phy DF OF 
 1 Janne Niskala            Ty Wishart                                        60     0   2  3  
 2 Dustin Kohn              Denis Bodrov                                      40     0   2  3  

Penalty Kill 4 Players Forward 
   Center                   Wing                     Time % Phy DF OF 
 1 Mikael Backlund          Pasi Salonen             60     1   2  2  
 2 Guillaume Desbiens       Jonathan Cheechoo        40     1   2  2  

Penalty Kill 4 Players Defense
   Defense                  Defense                  Time % Phy DF OF 
 1 Janne Niskala            Ty Wishart               60     1   2  2  
 2 Dustin Kohn              Denis Bodrov             40     1   2  2  

Penalty Kill - 3 Players Forward 
   Forward                                           Time % Phy DF OF 
 1 Mikael Backlund                                   60     1   2  2  
 2 Pasi Salonen                                      40     1   2  2  

Penalty Kill - 3 Players Defense
   Defense                  Defense                  Time % Phy DF OF 
 1 Janne Niskala            Ty Wishart               60     1   2  2  
 2 Dustin Kohn              Denis Bodrov             40     1   2  2  

4 vs 4 Forward 
   Center                   Wing                     Time % Phy DF OF 
 1 Mikael Backlund          Pasi Salonen             60     0   2  3  
 2 Jonathan Matsumoto       Jonathan Cheechoo        40     0   2  3  

4 vs 4 Defense
   Defense                  Defense                  Time % Phy DF OF 
 1 Janne Niskala            Ty Wishart               60     1   2  2  
 2 Dustin Kohn              Denis Bodrov             40     1   2  2  

Last Minutes Offensive
   Center                   Left Wing                Right Wing               Defense                  Defense                  
   Mikael Backlund          Rico Fata                Guillaume Desbiens       Janne Niskala            Ty Wishart               

Last Minutes Defensive
   Center                   Left Wing                Right Wing               Defense                  Defense                  
   Mikael Backlund          Rico Fata                Guillaume Desbiens       Janne Niskala            Ty Wishart               

Goaltenders
Starting : Keith Kinkaid            
Backup : Tyler Plante             

Extra Forwards
Normal : Johannes Salmonsson, Chris Mueller, Pat Dwyer - PP : Johannes Salmonsson, Chris Mueller - PK : Pat Dwyer
Extra Defensemen
Normal : Philip Larsen, Erik Gustafsson, Dustin Kohn - PP : Philip Larsen - PK : Erik Gustafsson, Dustin Kohn
Penalty Shots
Rico Fata, Pasi Salonen, Guillaume Desbiens, Jonathan Cheechoo, Mikael Backlund

% Time on Ice - Tamiflu

Lines # - Real PCT - Wanted PCT - Time Play
Normal Forward
1 - 25% - 40% - 12:37
2 - 38% - 30% - 18:52
3 - 20% - 20% - 9:48
4 - 17% - 10% - 8:15
Normal Defense
1 - 37% - 40% - 18:24
2 - 30% - 30% - 14:57
3 - 19% - 20% - 9:27
4 - 14% - 10% - 6:44
PP Forward
1 - 0% - 60%
2 - 0% - 40%
PP Defense
1 - 0% - 60%
2 - 0% - 40%
PK Forward
1 - 76% - 60% - 7:57
2 - 24% - 40% - 2:31
PK Defense
1 - 60% - 60% - 6:17
2 - 40% - 40% - 4:11
PK3 Forward
1 - 0% - 60%
2 - 0% - 40%
PK3 Defense
1 - 0% - 60%
2 - 0% - 40%
44 Forward
1 - 71% - 60% - 3:33
2 - 29% - 40% - 1:27
44 Defense
1 - 62% - 60% - 3:05
2 - 38% - 40% - 1:55
Last Minute Offensive  - 0:00
Last Minute Defensive  - 0:00
Total
Forward - 65:00
Defense - 65:00

% Time on Ice - National

Lines # - Real PCT - Wanted PCT - Time Play
Normal Forward
1 - 33% - 40% - 16:08
2 - 29% - 30% - 14:15
3 - 22% - 20% - 11:03
4 - 16% - 10% - 8:06
Normal Defense
1 - 35% - 40% - 17:24
2 - 39% - 30% - 19:12
3 - 24% - 20% - 12:07
4 - 2% - 10% - 0:49
PP Forward
1 - 56% - 60% - 5:54
2 - 44% - 40% - 4:34
PP Defense
1 - 59% - 60% - 6:12
2 - 41% - 40% - 4:16
PK Forward
1 - 0% - 60%
2 - 0% - 40%
PK Defense
1 - 0% - 60%
2 - 0% - 40%
PK3 Forward
1 - 0% - 60%
2 - 0% - 40%
PK3 Defense
1 - 0% - 60%
2 - 0% - 40%
44 Forward
1 - 76% - 60% - 3:49
2 - 24% - 40% - 1:11
44 Defense
1 - 29% - 60% - 1:27
2 - 71% - 40% - 3:33
Last Minute Offensive  - 0:00
Last Minute Defensive  - 0:00
Total
Forward - 65:00
Defense - 65:00

Play by Play

1st period


0:01 of 1st period - Mikael Backlund wins face-off versus Nate Thompson in neutral zone.
0:06 of 1st period - Wrist shot by Guillaume Desbiens.
0:06 of 1st period - Shot Blocked by Nathan Oystrick.
0:08 of 1st period - Slapshot by Ty Wishart.
0:08 of 1st period - Shot Hit the Post.
0:58 of 1st period - Slapshot by Greg Mauldin.
0:58 of 1st period - Shot Misses the Net.
1:10 of 1st period - Snap shot by Dustin Kohn.
1:10 of 1st period - Shot Blocked by Mike Duco.
2:06 of 1st period - Nate Thompson is hit by Pasi Salonen and loses puck.
3:35 of 1st period - Backhand shot by Adam Henrique.
3:35 of 1st period - Deflect By Nate Thompson.
3:35 of 1st period - Stopped by Keith Kinkaid with a rebound.
3:37 of 1st period - Wrist shot by Nate Thompson.
3:37 of 1st period - Shot Misses the Net.
3:39 of 1st period - Slapshot by Nate Thompson.
3:39 of 1st period - Shot Blocked by Philip Larsen.
3:41 of 1st period - Wrist shot by Mike Duco.
3:41 of 1st period - Shot Blocked by Erik Gustafsson.
3:45 of 1st period - Slapshot by Nate Thompson.
3:45 of 1st period - Shot Blocked by Philip Larsen.
3:47 of 1st period - Snap shot by Philip Samuelsson.
3:47 of 1st period - Deflect By Nate Thompson.
3:47 of 1st period - Shot Blocked by Erik Gustafsson.
3:47 of 1st period - Puck is out of play.
3:48 of 1st period - Greg Mauldin wins face-off versus Mikael Backlund in National zone.
3:55 of 1st period - Slapshot by Petr Pohl.
3:55 of 1st period - Stopped by Keith Kinkaid with a rebound.
4:13 of 1st period - Johan Fransson is hit by Johannes Salmonsson and loses puck.
4:38 of 1st period - Wrist shot by Greg Mauldin.
4:38 of 1st period - Shot Misses the Net.
4:52 of 1st period - Snap shot by David Desharnais.
4:52 of 1st period - Shot Misses the Net.
5:11 of 1st period - Minor Penalty to Petr Pohl for High sticking.
5:12 of 1st period - Mikael Backlund wins face-off versus Alex Picard in Tamiflu zone.
5:12 of 1st period - Wrist shot by Guillaume Desbiens.
5:12 of 1st period - Shot Misses the Net.
5:14 of 1st period - Slapshot by Janne Niskala.
5:14 of 1st period - Stopped by Mike McKenna with a rebound.
6:56 of 1st period - Johan Fransson is hit by Rico Fata.
7:11 of 1st period - Penalty to Petr Pohl is over, Petr Pohl is back on ice.
7:24 of 1st period - Wrist shot by Mattias Tedenby.
7:24 of 1st period - Stopped by Keith Kinkaid with a rebound.
7:35 of 1st period - Icing by Casey Wellman.
7:36 of 1st period - Nate Thompson wins face-off versus Chris Mueller in Tamiflu zone.
7:42 of 1st period - Icing by Teemu Laakso.
7:43 of 1st period - Jonathan Matsumoto wins face-off versus Nate Thompson in Tamiflu zone.
7:46 of 1st period - Snap shot by Jonathan Matsumoto.
7:46 of 1st period - Shot Hit the Post.
8:33 of 1st period - Teemu Laakso is hit by Johannes Salmonsson and loses puck.
8:48 of 1st period - Snap shot by Jonathan Cheechoo.
8:48 of 1st period - Goal by Jonathan Cheechoo - Tamiflu : 0 - National : 1.
8:49 of 1st period - Nate Thompson wins face-off versus Mikael Backlund in neutral zone.
9:05 of 1st period - Wrist shot by Rico Fata.
9:05 of 1st period - Stopped by Mike McKenna with a rebound.
9:15 of 1st period - Ty Wishart is hit by Rich Clune and loses puck.
9:31 of 1st period - Icing by Janne Niskala.
9:32 of 1st period - Jonathan Matsumoto wins face-off versus Alex Picard in National zone.
10:03 of 1st period - Slapshot by Nate Thompson.
10:03 of 1st period - Stopped by Keith Kinkaid with a rebound.
10:05 of 1st period - Wrist shot by Carson Mcmillan.
10:05 of 1st period - Shot Blocked by Ty Wishart.
10:07 of 1st period - Wrist shot by Carson Mcmillan.
10:07 of 1st period - Goal by Carson Mcmillan - Tamiflu : 1 - National : 1.
10:08 of 1st period - Greg Mauldin wins face-off versus Rico Fata in neutral zone.
10:18 of 1st period - Minor Penalty to Rich Clune for High sticking.
10:19 of 1st period - Nate Thompson wins face-off versus Rico Fata in Tamiflu zone.
10:23 of 1st period - Snap shot by Nate Thompson.
10:23 of 1st period - Stopped by Keith Kinkaid with a rebound.
10:45 of 1st period - Janne Niskala is hit by Nathan Oystrick and loses puck.
11:04 of 1st period - Slapshot by Janne Niskala.
11:04 of 1st period - Stopped by Mike McKenna with a rebound.
12:18 of 1st period - Penalty to Rich Clune is over, Rich Clune is back on ice.
12:22 of 1st period - Snap shot by Adam Henrique.
12:22 of 1st period - Stopped by Keith Kinkaid with a rebound.
12:24 of 1st period - Slapshot by Jonathan Sigalet.
12:24 of 1st period - Shot Misses the Net.
12:26 of 1st period - Backhand shot by Nathan Oystrick.
12:26 of 1st period - Stopped by Keith Kinkaid without a rebound.
12:27 of 1st period - Greg Mauldin wins face-off versus David Desharnais in National zone.
12:33 of 1st period - Slapshot by Philip Samuelsson.
12:33 of 1st period - Deflect By Greg Mauldin.
12:33 of 1st period - Stopped by Keith Kinkaid with a rebound.
12:35 of 1st period - Snap shot by Philip Samuelsson.
12:35 of 1st period - Shot Blocked by Erik Gustafsson.
12:37 of 1st period - Slapshot by Kyle Lawson.
12:37 of 1st period - Shot Misses the Net.
12:39 of 1st period - Slapshot by Kyle Lawson.
12:39 of 1st period - Stopped by Keith Kinkaid with a rebound.
12:41 of 1st period - Snap shot by Petr Pohl.
12:41 of 1st period - Shot Blocked by Johannes Salmonsson.
12:43 of 1st period - Slapshot by Kyle Lawson.
12:43 of 1st period - Stopped by Keith Kinkaid without a rebound.
12:44 of 1st period - Nate Thompson wins face-off versus Chris Mueller in National zone.
12:49 of 1st period - Wrist shot by Alex Picard.
12:49 of 1st period - Shot Misses the Net.
12:51 of 1st period - Snap shot by Carson Mcmillan.
12:51 of 1st period - Stopped by Keith Kinkaid without a rebound.
12:52 of 1st period - Nate Thompson wins face-off versus Chris Mueller in National zone.
13:07 of 1st period - Wrist shot by Alex Picard.
13:07 of 1st period - Shot Blocked by Janne Niskala.
13:18 of 1st period - Off-side.
13:19 of 1st period - Petr Pohl wins face-off versus Mikael Backlund in neutral zone.
13:22 of 1st period - Wrist shot by Greg Mauldin.
13:22 of 1st period - Deflect By Rich Clune.
13:22 of 1st period - Stopped by Keith Kinkaid with a rebound.
14:11 of 1st period - Wrist shot by Greg Mauldin.
14:11 of 1st period - Shot Misses the Net.
14:13 of 1st period - Snap shot by Greg Mauldin.
14:13 of 1st period - Shot Misses the Net.
14:22 of 1st period - Off-side.
14:23 of 1st period - Jonathan Matsumoto wins face-off versus Nate Thompson in neutral zone.
14:34 of 1st period - Wrist shot by Alex Picard.
14:34 of 1st period - Shot Misses the Net.
14:36 of 1st period - Slapshot by Jonathan Sigalet.
14:36 of 1st period - Stopped by Keith Kinkaid without a rebound.
14:37 of 1st period - Nate Thompson wins face-off versus Jonathan Matsumoto in National zone.
14:48 of 1st period - Slapshot by Alex Picard.
14:48 of 1st period - Stopped by Keith Kinkaid without a rebound.
14:49 of 1st period - Jonathan Matsumoto wins face-off versus Nate Thompson in National zone.
15:16 of 1st period - Nathan Oystrick is hit by Ty Wishart and loses puck.
15:55 of 1st period - Slapshot by Dustin Kohn.
15:55 of 1st period - Stopped by Mike McKenna with a rebound.
15:57 of 1st period - Snap shot by Denis Bodrov.
15:57 of 1st period - Shot Blocked by Alex Picard.
16:13 of 1st period - Snap shot by Pasi Salonen.
16:13 of 1st period - Stopped by Mike McKenna with a rebound.
16:15 of 1st period - Snap shot by Jonathan Cheechoo.
16:15 of 1st period - Stopped by Mike McKenna without a rebound.
16:16 of 1st period - Adam Henrique wins face-off versus Jonathan Matsumoto in Tamiflu zone.
16:16 of 1st period - Adam Henrique is hit by Pasi Salonen.
16:48 of 1st period - Snap shot by Greg Mauldin.
16:48 of 1st period - Stopped by Keith Kinkaid with a rebound.
17:26 of 1st period - Snap shot by Adam Henrique.
17:26 of 1st period - Stopped by Keith Kinkaid with a rebound.
17:28 of 1st period - Slapshot by Philip Samuelsson.
17:28 of 1st period - Stopped by Keith Kinkaid with a rebound.
17:40 of 1st period - Snap shot by Jonathan Cheechoo.
17:40 of 1st period - Shot Misses the Net.
17:48 of 1st period - Snap shot by Pasi Salonen.
17:48 of 1st period - Shot Blocked by Jonathan Sigalet.
19:41 of 1st period - Snap shot by Guillaume Desbiens.
19:41 of 1st period - Stopped by Mike McKenna without a rebound.
19:42 of 1st period - Rich Clune wins face-off versus Mikael Backlund in Tamiflu zone.
19:57 of 1st period - Snap shot by Mikael Backlund.
19:57 of 1st period - Shot Misses the Net.
Goals for this period are 1 for Tamiflu vs 1 for National.
Shots for this period are 18 for Tamiflu vs 8 for National.

2nd period


0:01 of 2nd period - Nate Thompson wins face-off versus Mikael Backlund in neutral zone.
0:28 of 2nd period - Wrist shot by Pasi Salonen.
0:28 of 2nd period - Shot Misses the Net.
0:42 of 2nd period - Rich Clune is hit by Pasi Salonen and loses puck.
0:53 of 2nd period - Snap shot by Pasi Salonen.
0:53 of 2nd period - Shot Misses the Net.
1:06 of 2nd period - Snap shot by Petr Pohl.
1:06 of 2nd period - Shot Blocked by Pasi Salonen.
1:08 of 2nd period - Wrist shot by Rich Clune.
1:08 of 2nd period - Goal by Rich Clune - Tamiflu : 2 - National : 1.
1:09 of 2nd period - Nate Thompson wins face-off versus Mikael Backlund in neutral zone.
1:17 of 2nd period - Slapshot by Mikael Backlund.
1:17 of 2nd period - Goal by Mikael Backlund - Tamiflu : 2 - National : 2.
1:18 of 2nd period - Nate Thompson wins face-off versus Mikael Backlund in neutral zone.
1:23 of 2nd period - Snap shot by Nate Thompson.
1:23 of 2nd period - Shot Blocked by Janne Niskala.
1:25 of 2nd period - Slapshot by Nate Thompson.
1:25 of 2nd period - Shot Blocked by Ty Wishart.
1:27 of 2nd period - Wrist shot by Nate Thompson.
1:27 of 2nd period - Shot Blocked by Guillaume Desbiens.
3:15 of 2nd period - Snap shot by Johannes Salmonsson.
3:15 of 2nd period - Stopped by Mike McKenna without a rebound.
3:16 of 2nd period - Adam Henrique wins face-off versus David Desharnais in Tamiflu zone.
3:23 of 2nd period - Slapshot by Johannes Salmonsson.
3:23 of 2nd period - Shot Blocked by Mattias Tedenby.
3:25 of 2nd period - Slapshot by Janne Niskala.
3:25 of 2nd period - Shot Blocked by Cody Goloubef.
3:27 of 2nd period - Snap shot by Pat Dwyer.
3:27 of 2nd period - Stopped by Mike McKenna without a rebound.
3:28 of 2nd period - Nate Thompson wins face-off versus Mikael Backlund in Tamiflu zone.
3:28 of 2nd period - Nate Thompson is hit by Mikael Backlund.
3:36 of 2nd period - Snap shot by Nate Thompson.
3:36 of 2nd period - Goal by Nate Thompson - Tamiflu : 3 - National : 2.
3:37 of 2nd period - Mikael Backlund wins face-off versus Nate Thompson in neutral zone.
3:44 of 2nd period - Slapshot by Rico Fata.
3:44 of 2nd period - Stopped by Mike McKenna with a rebound.
3:46 of 2nd period - Wrist shot by Rico Fata.
3:46 of 2nd period - Shot Misses the Net.
3:58 of 2nd period - Minor Penalty to Nathan Oystrick for Holding.
3:59 of 2nd period - Mikael Backlund wins face-off versus Nate Thompson in Tamiflu zone.
4:00 of 2nd period - Snap shot by Guillaume Desbiens.
4:00 of 2nd period - Stopped by Mike McKenna with a rebound.
4:14 of 2nd period - Snap shot by Mikael Backlund.
4:14 of 2nd period - Stopped by Mike McKenna without a rebound.
4:15 of 2nd period - Nate Thompson wins face-off versus Mikael Backlund in Tamiflu zone.
5:58 of 2nd period - Penalty to Nathan Oystrick is over, Nathan Oystrick is back on ice.
6:38 of 2nd period - Slapshot by Jonathan Sigalet.
6:38 of 2nd period - Stopped by Keith Kinkaid with a rebound.
6:40 of 2nd period - Snap shot by Mike Duco.
6:40 of 2nd period - Stopped by Keith Kinkaid without a rebound.
6:41 of 2nd period - Mike Duco wins face-off versus Johannes Salmonsson in National zone.
6:42 of 2nd period - Snap shot by Petr Pohl.
6:42 of 2nd period - Shot Hit the Post.
7:09 of 2nd period - Snap shot by Pasi Salonen.
7:09 of 2nd period - Stopped by Mike McKenna with a rebound.
7:11 of 2nd period - Backhand shot by Dustin Kohn.
7:11 of 2nd period - Stopped by Mike McKenna without a rebound.
7:12 of 2nd period - Mikael Backlund wins face-off versus Casey Wellman in Tamiflu zone.
9:59 of 2nd period - Slapshot by Chris Mueller.
9:59 of 2nd period - Shot Misses the Net.
10:21 of 2nd period - Snap shot by Guillaume Desbiens.
10:21 of 2nd period - Shot Misses the Net.
10:31 of 2nd period - Alex Picard is hit by Jonathan Cheechoo and loses puck.
11:12 of 2nd period - Slapshot by Nate Thompson.
11:12 of 2nd period - Shot Misses the Net.
11:14 of 2nd period - Slapshot by Nathan Oystrick.
11:14 of 2nd period - Stopped by Keith Kinkaid with a rebound.
11:16 of 2nd period - Snap shot by Adam Henrique.
11:16 of 2nd period - Stopped by Keith Kinkaid with a rebound.
12:28 of 2nd period - Wrist shot by Mikael Backlund.
12:28 of 2nd period - Stopped by Mike McKenna without a rebound.
12:29 of 2nd period - Mikael Backlund wins face-off versus Nate Thompson in Tamiflu zone.
12:30 of 2nd period - Wrist shot by Rico Fata.
12:30 of 2nd period - Deflect By Mikael Backlund.
12:30 of 2nd period - Shot Misses the Net.
12:30 of 2nd period - Puck is out of play.
12:31 of 2nd period - Nate Thompson wins face-off versus Mikael Backlund in Tamiflu zone.
12:41 of 2nd period - Snap shot by Mikael Backlund.
12:41 of 2nd period - Shot Blocked by Nathan Oystrick.
12:49 of 2nd period - Slapshot by Rico Fata.
12:49 of 2nd period - Shot Misses the Net.
12:51 of 2nd period - Slapshot by Janne Niskala.
12:51 of 2nd period - Shot Blocked by Nathan Oystrick.
12:53 of 2nd period - Snap shot by Guillaume Desbiens.
12:53 of 2nd period - Deflect By Mikael Backlund.
12:53 of 2nd period - Stopped by Mike McKenna without a rebound.
12:54 of 2nd period - Jonathan Matsumoto wins face-off versus Greg Mauldin in Tamiflu zone.
13:03 of 2nd period - Wrist shot by Jonathan Matsumoto.
13:03 of 2nd period - Shot Hit the Post.
13:19 of 2nd period - Denis Bodrov is hit by Alex Picard.
13:20 of 2nd period - Denis Bodrov from National is injured at 13:20 of 2nd period (Back).
13:21 of 2nd period - Nate Thompson wins face-off versus Mikael Backlund in National zone.
13:46 of 2nd period - Janne Niskala is hit by Jonathan Sigalet and loses puck.
14:09 of 2nd period - Wrist shot by David Desharnais.
14:09 of 2nd period - Stopped by Mike McKenna without a rebound.
14:10 of 2nd period - Adam Henrique wins face-off versus David Desharnais in Tamiflu zone.
14:59 of 2nd period - Jonathan Cheechoo is hit by Mike Duco and loses puck.
15:46 of 2nd period - Slapshot by Jordan Hendry.
15:46 of 2nd period - Stopped by Keith Kinkaid without a rebound.
15:47 of 2nd period - Jonathan Matsumoto wins face-off versus Greg Mauldin in National zone.
16:45 of 2nd period - Rich Clune is hit by Ty Wishart and loses puck.
16:56 of 2nd period - Alex Picard is hit by Chris Mueller and loses puck.
17:17 of 2nd period - Pasi Salonen is hit by Jonathan Sigalet and loses puck.
17:46 of 2nd period - Snap shot by Carson Mcmillan.
17:46 of 2nd period - Shot Misses the Net.
18:32 of 2nd period - Kyle Lawson is hit by David Desharnais and loses puck.
18:39 of 2nd period - Greg Mauldin is hit by Philip Larsen.
18:43 of 2nd period - Rich Clune is hit by Pat Dwyer and loses puck.
18:50 of 2nd period - Minor Penalty to Rich Clune for Holding.
18:51 of 2nd period - Mikael Backlund wins face-off versus Nate Thompson in Tamiflu zone.
18:52 of 2nd period - Slapshot by Guillaume Desbiens.
18:52 of 2nd period - Stopped by Mike McKenna with a rebound.
19:23 of 2nd period - Snap shot by Jonathan Cheechoo.
19:23 of 2nd period - Goal by Jonathan Cheechoo - Tamiflu : 3 - National : 3.
19:24 of 2nd period - Mikael Backlund wins face-off versus Nate Thompson in neutral zone.
19:46 of 2nd period - Icing by Nate Thompson.
19:47 of 2nd period - Nate Thompson wins face-off versus Jonathan Matsumoto in Tamiflu zone.
Goals for this period are 2 for Tamiflu vs 2 for National.
Shots for this period are 7 for Tamiflu vs 13 for National.

3rd period


0:01 of 3rd period - Nate Thompson wins face-off versus Mikael Backlund in neutral zone.
0:10 of 3rd period - Snap shot by Nate Thompson.
0:10 of 3rd period - Deflect By Alex Picard.
0:10 of 3rd period - Goal by Alex Picard - Tamiflu : 4 - National : 3.
0:11 of 3rd period - Mikael Backlund wins face-off versus Nate Thompson in neutral zone.
0:17 of 3rd period - Slapshot by Mikael Backlund.
0:17 of 3rd period - Shot Misses the Net.
0:27 of 3rd period - Snap shot by Carson Mcmillan.
0:27 of 3rd period - Shot Blocked by Ty Wishart.
0:55 of 3rd period - Icing by Greg Mauldin.
0:56 of 3rd period - David Desharnais wins face-off versus Greg Mauldin in Tamiflu zone.
1:30 of 3rd period - Slapshot by Petr Pohl.
1:30 of 3rd period - Stopped by Keith Kinkaid without a rebound.
1:31 of 3rd period - Nate Thompson wins face-off versus Guillaume Desbiens in National zone.
1:45 of 3rd period - Minor Penalty to Kyle Lawson for Roughing.
1:46 of 3rd period - Mikael Backlund wins face-off versus Nate Thompson in Tamiflu zone.
1:46 of 3rd period - Slapshot by Guillaume Desbiens.
1:46 of 3rd period - Shot Misses the Net.
1:48 of 3rd period - Slapshot by Ty Wishart.
1:48 of 3rd period - Stopped by Mike McKenna without a rebound.
1:49 of 3rd period - Nate Thompson wins face-off versus Mikael Backlund in Tamiflu zone.
3:45 of 3rd period - Penalty to Kyle Lawson is over, Kyle Lawson is back on ice.
4:31 of 3rd period - Snap shot by David Desharnais.
4:31 of 3rd period - Shot Misses the Net.
5:22 of 3rd period - Icing by Kyle Lawson.
5:23 of 3rd period - Greg Mauldin wins face-off versus Mikael Backlund in Tamiflu zone.
5:30 of 3rd period - Philip Larsen is hit by Rich Clune and loses puck.
6:22 of 3rd period - Slapshot by Mattias Tedenby.
6:22 of 3rd period - Stopped by Keith Kinkaid without a rebound.
6:23 of 3rd period - Mikael Backlund wins face-off versus Casey Wellman in National zone.
6:30 of 3rd period - Johan Fransson is hit by Mikael Backlund and loses puck.
6:45 of 3rd period - Janne Niskala is hit by Alex Picard and loses puck.
6:56 of 3rd period - Slapshot by Jonathan Cheechoo.
6:56 of 3rd period - Shot Misses the Net.
7:00 of 3rd period - Slapshot by Pasi Salonen.
7:00 of 3rd period - Shot Misses the Net.
7:02 of 3rd period - Slapshot by Jonathan Cheechoo.
7:02 of 3rd period - Stopped by Mike McKenna with a rebound.
7:04 of 3rd period - Backhand shot by Janne Niskala.
7:04 of 3rd period - Shot Blocked by Johan Fransson.
7:06 of 3rd period - Wrist shot by Jonathan Cheechoo.
7:06 of 3rd period - Stopped by Mike McKenna without a rebound.
7:07 of 3rd period - Nate Thompson wins face-off versus David Desharnais in Tamiflu zone.
7:41 of 3rd period - Greg Mauldin is hit by Ty Wishart and loses puck.
9:12 of 3rd period - Off-side.
9:13 of 3rd period - Adam Henrique wins face-off versus Jonathan Cheechoo in neutral zone.
9:16 of 3rd period - Snap shot by Adam Henrique.
9:16 of 3rd period - Stopped by Keith Kinkaid with a rebound.
9:18 of 3rd period - Snap shot by Adam Henrique.
9:18 of 3rd period - Shot Misses the Net.
9:20 of 3rd period - Slapshot by Nathan Oystrick.
9:20 of 3rd period - Stopped by Keith Kinkaid without a rebound.
9:21 of 3rd period - Jonathan Matsumoto wins face-off versus Greg Mauldin in National zone.
9:21 of 3rd period - Jonathan Matsumoto is hit by Rich Clune.
9:35 of 3rd period - Wrist shot by Jonathan Matsumoto.
9:35 of 3rd period - Stopped by Mike McKenna without a rebound.
9:36 of 3rd period - Alex Picard wins face-off versus Mikael Backlund in Tamiflu zone.
9:51 of 3rd period - Nathan Oystrick is hit by Ty Wishart and loses puck.
10:02 of 3rd period - Pasi Salonen is hit by Petr Pohl and loses puck.
10:48 of 3rd period - Jordan Hendry is hit by Dustin Kohn and loses puck.
11:49 of 3rd period - Slapshot by David Desharnais.
11:49 of 3rd period - Goal by David Desharnais - Tamiflu : 4 - National : 4.
11:50 of 3rd period - Mikael Backlund wins face-off versus Nate Thompson in neutral zone.
11:59 of 3rd period - Wrist shot by Guillaume Desbiens.
11:59 of 3rd period - Deflect By Mikael Backlund.
11:59 of 3rd period - Stopped by Mike McKenna with a rebound.
12:01 of 3rd period - Snap shot by Guillaume Desbiens.
12:01 of 3rd period - Stopped by Mike McKenna with a rebound.
12:11 of 3rd period - Minor Penalty to Alex Picard for Close Hand On Puck.
12:12 of 3rd period - Adam Henrique wins face-off versus Mikael Backlund in Tamiflu zone.
12:21 of 3rd period - Wrist shot by Nate Thompson.
12:21 of 3rd period - Stopped by Keith Kinkaid with a rebound.
12:37 of 3rd period - Ty Wishart is hit by Jonathan Sigalet and loses puck.
13:28 of 3rd period - Wrist shot by Adam Henrique.
13:28 of 3rd period - Stopped by Keith Kinkaid with a rebound.
13:30 of 3rd period - Slapshot by Nathan Oystrick.
13:30 of 3rd period - Stopped by Keith Kinkaid with a rebound.
14:11 of 3rd period - Penalty to Alex Picard is over, Alex Picard is back on ice.
14:31 of 3rd period - Mattias Tedenby is hit by Dustin Kohn and loses puck.
14:49 of 3rd period - Kyle Lawson is hit by Pat Dwyer and loses puck.
16:04 of 3rd period - Icing by Erik Gustafsson.
16:05 of 3rd period - Johannes Salmonsson wins face-off versus Mattias Tedenby in National zone.
16:05 of 3rd period - Johannes Salmonsson is hit by Johan Fransson.
16:32 of 3rd period - Slapshot by Magnus Paajarvi-Svensson.
16:32 of 3rd period - Shot Misses the Net.
16:34 of 3rd period - Wrist shot by Dustin Kohn.
16:34 of 3rd period - Shot Misses the Net.
16:36 of 3rd period - Snap shot by Magnus Paajarvi-Svensson.
16:36 of 3rd period - Stopped by Mike McKenna with a rebound.
16:38 of 3rd period - Slapshot by Janne Niskala.
16:38 of 3rd period - Shot Misses the Net.
16:40 of 3rd period - Slapshot by Janne Niskala.
16:40 of 3rd period - Shot Misses the Net.
16:48 of 3rd period - Wrist shot by Greg Mauldin.
16:48 of 3rd period - Shot Misses the Net.
17:14 of 3rd period - Jordan Hendry is hit by Philip Larsen and loses puck.
17:39 of 3rd period - Snap shot by Nate Thompson.
17:39 of 3rd period - Shot Blocked by Mikael Backlund.
17:41 of 3rd period - Wrist shot by Mike Duco.
17:41 of 3rd period - Stopped by Keith Kinkaid with a rebound.
17:43 of 3rd period - Slapshot by Jordan Hendry.
17:43 of 3rd period - Stopped by Keith Kinkaid without a rebound.
17:44 of 3rd period - David Desharnais wins face-off versus Nate Thompson in National zone.
19:14 of 3rd period - Petr Pohl is hit by Mikael Backlund and loses puck.
19:44 of 3rd period - Igor Makarov is hit by Jonathan Sigalet and loses puck.
Goals for this period are 1 for Tamiflu vs 1 for National.
Shots for this period are 10 for Tamiflu vs 8 for National.

Overtime #1


0:01 of 1st overtime period - Nate Thompson wins face-off versus Mikael Backlund in neutral zone.
0:16 of 1st overtime period - Snap shot by Nate Thompson.
0:16 of 1st overtime period - Stopped by Keith Kinkaid with a rebound.
0:42 of 1st overtime period - Snap shot by Jonathan Cheechoo.
0:42 of 1st overtime period - Shot Blocked by Greg Mauldin.
1:14 of 1st overtime period - Snap shot by Johannes Salmonsson.
1:14 of 1st overtime period - Stopped by Mike McKenna with a rebound.
1:16 of 1st overtime period - Slapshot by Philip Larsen.
1:16 of 1st overtime period - Stopped by Mike McKenna with a rebound.
1:18 of 1st overtime period - Snap shot by Johannes Salmonsson.
1:18 of 1st overtime period - Shot Misses the Net.
1:34 of 1st overtime period - Dustin Kohn is hit by Jonathan Sigalet and loses puck.
1:53 of 1st overtime period - Janne Niskala is hit by Mike Duco and loses puck.
2:31 of 1st overtime period - Wrist shot by Carson Mcmillan.
2:31 of 1st overtime period - Shot Misses the Net.
2:33 of 1st overtime period - Wrist shot by Carson Mcmillan.
2:33 of 1st overtime period - Stopped by Keith Kinkaid without a rebound.
2:34 of 1st overtime period - Nate Thompson wins face-off versus Mikael Backlund in National zone.
3:00 of 1st overtime period - Philip Larsen is hit by Nathan Oystrick and loses puck.
3:51 of 1st overtime period - Slapshot by Chris Mueller.
3:51 of 1st overtime period - Stopped by Mike McKenna with a rebound.
4:09 of 1st overtime period - Mattias Tedenby is hit by Ty Wishart and loses puck.
4:29 of 1st overtime period - Mikael Backlund is hit by Greg Mauldin and loses puck.
Goals for this period are 0 for Tamiflu vs 0 for National.
Shots for this period are 2 for Tamiflu vs 3 for National.

ShootOut


5:00 of 1st overtime period - Penalty Shot by Nate Thompson for Tamiflu.
5:00 of 1st overtime period - Deke by Nate Thompson.
5:00 of 1st overtime period - Stopped by Keith Kinkaid.
5:00 of 1st overtime period - Penalty Shot by Rico Fata for National.
5:00 of 1st overtime period - Backhand shot by Rico Fata.
5:00 of 1st overtime period - Stopped by Mike McKenna.
5:00 of 1st overtime period - Penalty Shot by Alex Picard for Tamiflu.
5:00 of 1st overtime period - Snap shot by Alex Picard.
5:00 of 1st overtime period - Stopped by Keith Kinkaid.
5:00 of 1st overtime period - Penalty Shot by Pasi Salonen for National.
5:00 of 1st overtime period - Deke by Pasi Salonen.
5:00 of 1st overtime period - Shot Misses the Net.
5:00 of 1st overtime period - Penalty Shot by Greg Mauldin for Tamiflu.
5:00 of 1st overtime period - Snap shot by Greg Mauldin.
5:00 of 1st overtime period - Goal by Greg Mauldin.
5:00 of 1st overtime period - Penalty Shot by Guillaume Desbiens for National.
5:00 of 1st overtime period - Snap shot by Guillaume Desbiens.
5:00 of 1st overtime period - Stopped by Mike McKenna.


Output by the SimonT Hockey Simulator (STHS) for François Prévost -- Original Page W3C XHTML 1.0 Valid
Hockey Simulator - Hockey Simulation - Hockey Manager